 Dungeon Crawl Stone Soup version 0.30.1-4-g462c640d31 (webtiles) character file.

Game seed: 6103810681409174160

218 Babbit the Chopper (level 5, 0/47 HPs)
             Began as a Minotaur Fighter on Aug 29, 2023.
             Slain by Pikel
             ... wielding a +1 whip of flaming
              (1 damage)
             ... on level 4 of the Dungeon.
             The game lasted 00:10:00 (2239 turns).

Babbit the Chopper (Minotaur Fighter)               Turns: 2239, Time: 00:10:01

Health: 0/47       AC:  9    Str: 23    XL:     5   Next: 63%
Magic:  4/4        EV:  9    Int:  5    God:
Gold:   75         SH:  4    Dex:  9    Spells: 4/4 levels left

rFire   . . .        a - +0 war axe
rCold   . . .        c - +0 buckler
rNeg    . . .        b - +0 scale mail
rPois   .            (helmet restricted)
rElec   .            u - +0 cloak
rCorr   .            t - +0 pair of gloves
SInv    +            (no boots)
Will    .....        (no amulet) Stlth
                     i - ring of see invisible
HPRegen 0.27/turn    r - ring of wizardry
MPRegen 0.09/turn

%: wizardry (x1)
@: hasted, very quick
A: horns 2, retaliatory headbutt
a: no special abilities


You were on level 4 of the Dungeon.
You visited 1 branch of the dungeon, and saw 4 of its levels.

You collected 75 gold pieces.

Inventory:

Hand Weapons
 a - a +0 war axe (weapon)
 l - a +0 short sword of flaming
Armour
 b - a +0 scale mail (worn)
 c - a +0 buckler (worn)
 t - a +0 pair of gloves (worn)
 u - a +0 cloak (worn)
Jewellery
 i - a ring of see invisible (left hand)
 r - a ring of wizardry (right hand)
Scrolls
 f - 2 scrolls of fear
 g - 2 scrolls of amnesia {unknown}
 j - 2 scrolls of teleportation
 m - a scroll of poison {unknown}
 n - a scroll of enchant weapon {unknown}
 o - a scroll of silence {unknown}
 p - a scroll of blinking
 q - 4 scrolls of identify {unknown}
 s - a scroll of immolation {unknown}
Potions
 d - a potion of might
 e - 2 potions of haste
 h - a potion of heal wounds {unknown}
 k - a potion of magic {unknown}
 v - 2 potions of mutation {unknown}
 w - a potion of invisibility {unknown}


   Skills:
 + Level 4.7 Fighting
 + Level 4.9 Axes
 + Level 4.7 Armour
 + Level 0.6 Dodging
 + Level 4.4 Shields


You had 4 spell levels left.
You didn't know any spells.
Your spell library contained the following spells:

 Spells                   Type           Power      Damage    Failure   Level
 Beastly Appendage        Tmut           0%         N/A       50%         1
 Wereblood                Tmut           0%         N/A       65%         2
 Spider Form              Tmut/Pois      0%         N/A       86%         3


Dungeon Overview and Level Annotations

Branches:
Dungeon (4/15)
 Temple: D:4-7

Altars:
Fedhas
Xom

Shops:
D:1 (   D:2 *

Annotations:
D:4 Pikel


Innate Abilities, Weirdness & Mutations

You have a pair of horns on your head.
You reflexively headbutt those who attack you in melee.


Message History

The kobold shouts!
Pikel hits you with a +1 whip of flaming.
Pikel burns you.
Pikel hits you with a +1 whip of flaming.
Pikel burns you.
You slash Pikel! Your headbutt misses Pikel.
Pikel is heavily wounded.
Pikel hits you but does no damage.
You hit Pikel but do no damage.
Pikel is heavily wounded.
You block Pikel's attack.
You closely miss Pikel.
Pikel is heavily wounded.
Pikel hits you with a +1 whip of flaming.
Pikel burns you.
Pikel scowls and wipes his hands on his robe.
Pikel barely misses you.
You closely miss Pikel. You headbutt Pikel.
Pikel is severely wounded.
Pikel barely misses you. You furiously retaliate!
You headbutt Pikel. You closely miss Pikel.
Pikel is severely wounded.
Pikel hits you with a +1 whip of flaming.
Pikel burns you.
Unknown command.
You barely miss Pikel. Your headbutt misses Pikel.
Pikel is severely wounded.
Pikel hits you with a +1 whip of flaming.
* * * LOW HITPOINT WARNING * * *
Pikel burns you.
* * * LOW HITPOINT WARNING * * *
Pikel hits you with a +1 whip of flaming.
* * * LOW HITPOINT WARNING * * *
Pikel burns you.
* * * LOW HITPOINT WARNING * * *
It was a potion of haste.
You feel yourself speed up.
Pikel hits you with a +1 whip of flaming.
* * * LOW HITPOINT WARNING * * *
Pikel burns you.
You die...

######### ##
####.......# .
#.....####.# #.#.##..#
#.#
###.#.##..####.########
#.....................#
#.#.#.##...###.######.#
#.#...!.##.# #.#
#K@....###.# #.#
#.55###.......# #..
....K ##.###### ###
.... #.# # ... #+# # ..
# . # # #


You could see Pikel, 2 lemures and a kobold.

Vanquished Creatures
  A scorpion (D:4)
  An orc priest (D:3)
  An iguana (D:4)
  3 gnolls (D:3)
  An adder (D:3)
  3 dart slugs
  6 orcs (D:3)
  4 ball pythons
  4 bats
  6 endoplasms (D:1)
  3 giant cockroaches
  2 goblins
  3 hobgoblins
  3 jackals (D:1)
  A quokka (D:2)
  3 frilled lizards
  4 kobolds
  9 rats
58 creatures vanquished.

Notes
Turn   | Place    | Note
-------+----------+-------------------------------------------
     0 | D:1      | Babbit the Minotaur Fighter began the quest for the Orb.
     0 | D:1      | Reached XP level 1. HP: 19/19 MP: 0/0
    74 | D:1      | Reached XP level 2. HP: 27/27 MP: 1/1
   234 | D:1      | Found Zigukuw's Antique Weapon Shoppe.
   436 | D:2      | Reached XP level 3. HP: 33/33 MP: 2/2
   474 | D:2      | You fall into a shaft and drop 2 floors!
   476 | D:4      | Noticed a scorpion
   491 | D:4      | Killed a scorpion
   492 | D:4      | Reached XP level 4. HP: 41/41 MP: 3/3
   719 | D:3      | Reached XP level 5. HP: 32/47 MP: 4/4
   727 | D:3      | Found a shimmering altar of Xom.
  1307 | D:2      | Found Ziseussoety's Assorted Antiques.
  1542 | D:3      | Found a faded altar of an unknown god.
  2023 | D:3      | Found a blossoming altar of Fedhas.
  2223 | D:4      | Noticed a lemure
  2223 | D:4      | Noticed Pikel
  2225 | D:4      | Noticed a lemure
  2226 | D:4      | Noticed a lemure
  2227 | D:4      | Noticed a lemure
  2238 | D:4      | HP: 2/47 [Pikel/+1 whip of flaming (3)]
  2239 | D:4      | Slain by Pikel

Illustrated notes

Levels and vault maps discovered:
D:1:      onia_arrival_handbag, layout_basic, serial_shops, shop_statue
D:2:      layout_loops_ring, serial_shops, shop, grunt_ministairs_6
D:3:      layout_loops_ring, mainiacjoe_overflow_24_doors, tgw_xom,
          hellmonk_ecumenical_altar_leap_of_faith
D:4:      layout_loops_corners, mainiacjoe_overflow_brackets,
          minmay_overflow_temple_star_hex, serial_shops, shop,
          minmay_misc_feat_plants, chequers_serial_rivers_marsh, uniq_eustachio,
          uniq_pikel

Skill      XL: |  1  2  3  4 |
---------------+-------------+-----
Armour         | 4 |  4.7
Shields        | 4 |  4.4
Fighting       | 4 |  4.7
Axes           | 3 4 |  4.9
Dodging        | |  0.6

Action                     |  1- 3 |  4- 6 || total
---------------------------+-------+-------++-------
  Melee: War axe           |    47 |    85 ||   132
         Headbutt          |    10 |    11 ||    21
    Use: Scroll            |     1 |     2 ||     3
         Potion            |       |     1 ||     1
 Armour: Scale mail        |    17 |    36 ||    53
  Dodge: Dodged            |    16 |    35 ||    51
  Block: Buckler           |    15 |    18 ||    33
